[Event "Titled Tuesday Blitz April 12 Early 2022"]
[White "Lazavik, Denis"]
[Black "Esipenko, Andrey"]
[WhiteFideId "13515110"]
[BlackFideId "24175439"]
[WhiteElo "2437"]
[BlackElo "2617"]
[Result "1/2-1/2"]
[Round "05"]
[TimeControl "180+1"]
[Date "2022.04.12"]
[WhiteClock "0:00:58"]
[BlackClock "0:00:43"]

1. d4 Nf6 2. c4 e6 3. Nf3 d5 4. Nc3 Be7 5. Bg5 O-O 6. e3 h6 7. Bh4 Nbd7 8. Qc2 c5 9. dxc5 Nxc5 10. cxd5 Nxd5 11. Bxe7 Nxe7 12. Be2 b6 13. b4 Nd7 14. O-O Nf6 15. Rfd1 Qc7 16. Rac1 Bb7 17. Qb3 Rac8 18. h3 Qb8 19. Ne1 Ned5 20. Nxd5 Bxd5 21. Qb2 Rxc1 22. Rxc1 Rc8 23. a3 Ne4 24. Bf3 Rxc1 25. Qxc1 Qe5 26. Nd3 Qc3 27. Bxe4 Qxc1+ 28. Nxc1 Bxe4 29. f3 Bc6 30. Ne2 Kf8 31. Nc3 Ke7 32. e4 f5 33. exf5 exf5 34. f4 g5 35. g3 gxf4 36. gxf4 Kf6 37. Kf2 Kg6 38. Kg3 Kh5 39. Ne2 Kg6 40. Nc3 Kh5 41. Ne2 Kg6 42. Nc3 1/2-1/2


[Site "https://www.chess.com"]

[Event "Titled Tuesday Blitz April 12 Early 2022"]
[White "Le Ruyet, Leopold"]
[Black "Onslow, Alfie"]
[WhiteFideId "645923"]
[BlackFideId "436976"]
[WhiteElo "2276"]
[BlackElo "1884"]
[Result "1-0"]
[Round "05"]
[TimeControl "180+1"]
[Date "2022.04.13"]
[WhiteClock "0:00:17"]
[BlackClock "0:01:00"]

1. e4 c5 2. c3 Nf6 3. e5 Nd5 4. Nf3 Nc6 5. Bc4 Nb6 6. Bb3 c4 7. Bc2 d5 8. d4 Bg4 9. h3 Bh5 10. g4 Bg6 11. e6 fxe6 12. Bxg6+ hxg6 13. Qc2 Qd6 14. Qxg6+ Kd7 15. Qg5 g6 16. Qxg6 e5 17. Nxe5+ Nxe5 18. Qf5+ e6 19. Qxe5 Rh7 20. Bf4 Qxe5+ 21. Bxe5 Be7 22. Nd2 Rf8 23. Ke2 Rhf7 24. Raf1 Na4 25. f4 Nxb2 26. Rb1 Nd3 27. Rxb7+ Kc6 28. Rc7+ Kb6 29. Rb1+ Ka6 30. Rc6+ Ka5 31. Bc7+ Ka4 32. Ra6# 1-0


[Site "https://www.chess.com"]

[Event "Titled Tuesday Blitz April 12 Early 2022"]
[White "Maksimenko, Viktor"]
[Black "Avazkhonov, Alikhon"]
[WhiteFideId "13710478"]
[BlackFideId "14208504"]
[WhiteElo "2269"]
[BlackElo "1739"]
[Result "1-0"]
[Round "05"]
[TimeControl "180+1"]
[Date "2022.04.13"]
[WhiteClock "0:01:13"]
[BlackClock "0:00:02"]

1. d4 d5 2. c4 e6 3. Nf3 c6 4. g3 dxc4 5. Bg2 Nf6 6. O-O Bd6 7. a4 O-O 8. Nfd2 c5 9. Nxc4 Be7 10. dxc5 Bxc5 11. Nc3 Nc6 12. Bf4 Bd7 13. Nb5 a6 14. Nbd6 b6 15. Rc1 Qe7 16. Qd2 e5 17. Bg5 h6 18. Bxf6 Qxf6 19. Ne4 Qe7 20. Nxc5 bxc5 21. Rfd1 Rfd8 22. Qc3 Nd4 23. Rd2 Rab8 24. Rcd1 Bxa4 25. Ra1 Bb5 26. e3 Nc6 27. Rxd8+ Rxd8 28. Bf1 f6 29. h4 Qe6 30. Be2 Qd5 31. Rd1 Qe6 32. Rxd8+ Nxd8 33. b3 Nc6 34. Qa1 Qd5 35. Qa3 e4 36. Qa1 Kh7 37. h5 Ne5 38. Qc3 Nxc4 39. bxc4 Qe5 40. Qxe5 1-0


[Site "https://www.chess.com"]

[Event "Titled Tuesday Blitz April 12 Early 2022"]
[White "Manelyuk, Daniil"]
[Black "Butti, Enrique"]
[WhiteFideId "44173920"]
[BlackFideId "3700470"]
[WhiteElo "2209"]
[BlackElo "2080"]
[Result "1-0"]
[Round "05"]
[TimeControl "180+1"]
[Date "2022.04.13"]
[WhiteClock "0:02:03"]
[BlackClock "0:01:52"]

1. e4 c5 2. Nf3 d6 3. d4 cxd4 4. Nxd4 Nf6 5. Nc3 a6 6. f3 Nc6 7. Be3 Nxd4 8. Bxd4 e5 9. Be3 Be6 10. Qd2 Rc8 11. g4 h6 12. O-O-O Qa5 13. Kb1 Rxc3 14. Qxc3 Qxa2+ 15. Kc1 d5 16. Qxe5 dxe4 17. Qb8+ 1-0


[Site "https://www.chess.com"]

[Event "Titled Tuesday Blitz April 12 Early 2022"]
[White "Martic, Ivan"]
[Black "Adelman, Charles"]
[WhiteFideId "929301"]
[BlackFideId "2003597"]
[WhiteElo "2317"]
[BlackElo "2336"]
[Result "1-0"]
[Round "05"]
[TimeControl "180+1"]
[Date "2022.04.13"]
[WhiteClock "0:01:24"]
[BlackClock "0:00:15"]

1. e4 e5 2. Nf3 d6 3. Bc4 Be7 4. d3 Nf6 5. c3 O-O 6. Bb3 c6 7. Nbd2 b5 8. a4 bxa4 9. Bxa4 Bb7 10. O-O Na6 11. Re1 Nc5 12. Bc2 Ne6 13. Nc4 Qc7 14. Ne3 g6 15. d4 Nd7 16. dxe5 dxe5 17. Nc4 Kg7 18. Be3 f6 19. Qd2 Rfd8 20. Bh6+ Kg8 21. Qc1 Ndc5 22. Na5 Nd3 23. Bxd3 Rxd3 24. Qc2 Rad8 25. Qb3 Bc8 26. Qc4 c5 27. Nd4 cxd4 28. Qxd3 dxc3 29. Qxc3 Qxc3 30. bxc3 g5 31. Nc6 Rd7 32. Red1 Kf7 33. Rxd7 Bxd7 34. Nxe7 Kxe7 35. Rxa7 Kd6 36. h4 gxh4 37. f3 Nc5 38. Bf8+ 1-0


[Site "https://www.chess.com"]

[Event "Titled Tuesday Blitz April 12 Early 2022"]
[White "Matlakov, Maxim"]
[Black "Dubov, Daniil"]
[WhiteFideId "4168003"]
[BlackFideId "24126055"]
[WhiteElo "2669"]
[BlackElo "2791"]
[Result "1/2-1/2"]
[Round "05"]
[TimeControl "180+1"]
[Date "2022.04.12"]
[WhiteClock "0:00:12"]
[BlackClock "0:00:04"]

1. e4 c5 2. Nf3 e6 3. c3 d5 4. e5 Nc6 5. d4 cxd4 6. cxd4 Nge7 7. Na3 Nf5 8. Nc2 Be7 9. Bd3 O-O 10. O-O Bd7 11. Kh1 Rc8 12. g4 Nh4 13. Nxh4 Bxh4 14. f4 Be7 15. Be3 Qb6 16. Rb1 Nb4 17. Nxb4 Qxb4 18. Qe2 a6 19. f5 f6 20. fxe6 Bxe6 21. a3 Qb6 22. Bf5 g6 23. Bxe6+ Qxe6 24. Bh6 Rf7 25. Rbe1 fxe5 26. Qxe5 Qxe5 27. dxe5 Rxf1+ 28. Rxf1 g5 29. Rf5 Rc1+ 30. Kg2 Rc2+ 31. Kh1 Rc1+ 32. Kg2 Rc2+ 33. Kh1 Rxb2 34. e6 Re2 35. Bxg5 Rxe6 36. Bxe7 Rxe7 37. Rxd5 Kf7 38. Rd6 Re6 39. Rd7+ Re7 40. Rd6 Re6 41. Rd7+ Re7 42. Rd6 1/2-1/2


[Site "https://www.chess.com"]

[Event "Titled Tuesday Blitz April 12 Early 2022"]
[White "Mekhitarian, Krikor Sevag"]
[Black "Aaditya Dhingra"]
[WhiteFideId "2107660"]
[BlackFideId "25678191"]
[WhiteElo "2598"]
[BlackElo "1849"]
[Result "1-0"]
[Round "05"]
[TimeControl "180+1"]
[Date "2022.04.13"]
[WhiteClock "0:00:42"]
[BlackClock "0:00:01"]

1. Nf3 Nf6 2. c4 e6 3. Nc3 d5 4. e3 Be7 5. b3 O-O 6. Bb2 c5 7. cxd5 Nxd5 8. Qc2 Nc6 9. h4 f5 10. a3 b6 11. O-O-O Bb7 12. Nxd5 exd5 13. g4 Rc8 14. Kb1 d4 15. Bc4+ Kh8 16. Ng5 Bxg5 17. hxg5 Ne5 18. gxf5 Bxh1 19. Rxh1 Qxg5 20. f6 Qg6 21. Qxg6 Nxg6 22. fxg7+ Kxg7 23. exd4 h6 24. dxc5+ Kh7 25. cxb6 axb6 26. Bd4 Rcd8 27. Be3 Ne5 28. Rxh6+ Kg7 29. Be2 Rxf2 30. Bxf2 Kxh6 31. Bxb6 Rb8 32. Be3+ Kg6 33. b4 Kf5 34. Kc2 Ke4 35. Kb3 Nd3 36. Bf1 Nc1+ 37. Kc2 1-0


[Site "https://www.chess.com"]

[Event "Titled Tuesday Blitz April 12 Early 2022"]
[White "Melikhov, Evgeny V."]
[Black "Sztokbant, Bernardo Vainzoff"]
[WhiteFideId "4122046"]
[BlackFideId "2115956"]
[WhiteElo "1931"]
[BlackElo "2225"]
[Result "1/2-1/2"]
[Round "05"]
[TimeControl "180+1"]
[Date "2022.04.13"]
[WhiteClock "0:00:15"]
[BlackClock "0:00:03"]

1. d4 Nf6 2. c4 c6 3. Nc3 d5 4. e3 g6 5. Nf3 Bg7 6. Be2 O-O 7. O-O Nbd7 8. cxd5 cxd5 9. Bd2 Nb6 10. Rc1 Bg4 11. h3 Bxf3 12. Bxf3 a6 13. Qb3 e6 14. Be2 Qd6 15. Na4 Nxa4 16. Qxa4 Rfc8 17. Bb4 Qb6 18. Qa5 Qxa5 19. Bxa5 Ne4 20. Bc7 Bf8 21. Rc2 Bd6 22. Rfc1 Bxc7 23. Rxc7 Nd6 24. b3 Kf8 25. f3 Ke8 26. Kf2 Kd8 27. Rxc8+ Rxc8 28. Rxc8+ Kxc8 29. Bd3 Kd7 30. e4 f6 31. Ke3 dxe4 32. fxe4 e5 33. d5 f5 34. g3 a5 35. a3 b6 36. b4 axb4 37. axb4 Ke7 38. h4 Kf6 39. Kf3 h6 40. g4 f4 41. Kf2 g5 42. h5 Ke7 43. Ke2 Kd7 44. Kf2 Kc7 45. Ke2 Ne8 46. Kf2 Nf6 47. Kf3 Kd6 48. Be2 Nd7 49. Bd3 Nf6 50. Be2 Nxd5 51. exd5 Kxd5 52. Bd3 Kd4 53. Bg6 Kd5 54. Bf7+ Kd4 55. Bg6 Kd5 56. Bf7+ Kd4 57. Bg6 1/2-1/2


[Site "https://www.chess.com"]

[Event "Titled Tuesday Blitz April 12 Early 2022"]
[White "Meshkovs, Nikita"]
[Black "Bortnyk, Olexandr"]
[WhiteFideId "11602740"]
[BlackFideId "14120828"]
[WhiteElo "2506"]
[BlackElo "2723"]
[Result "0-1"]
[Round "05"]
[TimeControl "180+1"]
[Date "2022.04.12"]
[WhiteClock "0:00:01"]
[BlackClock "0:01:28"]

1. d4 d6 2. Nf3 Nf6 3. g3 g6 4. Bg2 Bg7 5. O-O O-O 6. Re1 Bf5 7. Nc3 Ne4 8. Nh4 Nxc3 9. bxc3 Bc8 10. a4 c5 11. dxc5 dxc5 12. Ra3 Qa5 13. c4 Nc6 14. Bd2 Qa6 15. Be3 Qxc4 16. Qd3 Qb4 17. Bd2 Ne5 18. Bxb4 Nxd3 19. Rxd3 cxb4 20. a5 Rb8 21. Rd5 b6 22. axb6 Rxb6 23. Ra5 a6 24. Rd1 Be6 25. Nf3 Bc3 0-1


[Site "https://www.chess.com"]

[Event "Titled Tuesday Blitz April 12 Early 2022"]
[White "Mika, Tomasz"]
[Black "Girinath, P.D.S."]
[WhiteFideId "1132970"]
[BlackFideId "5000572"]
[WhiteElo "2116"]
[BlackElo "2369"]
[Result "0-1"]
[Round "05"]
[TimeControl "180+1"]
[Date "2022.04.13"]
[WhiteClock "0:00:02"]
[BlackClock "0:00:05"]

1. d4 e6 2. e4 d5 3. Bd3 c5 4. exd5 exd5 5. Nf3 c4 6. Be2 Nc6 7. O-O Bd6 8. b3 cxb3 9. axb3 Nge7 10. c4 O-O 11. Nc3 Bg4 12. c5 Bc7 13. h3 Bh5 14. Be3 Nf5 15. Qd2 Nxe3 16. fxe3 Re8 17. Bd3 a6 18. Rab1 Ba5 19. Qc2 Bg6 20. Bxg6 hxg6 21. Nd1 Qe7 22. Rf2 f5 23. Re2 Rad8 24. Nf2 Bc7 25. Rbe1 Qf6 26. Nd3 Re4 27. Qc3 Rde8 28. b4 f4 29. Qb3 Qf5 30. Nde5 Rd8 31. b5 Nxe5 32. dxe5 Bxe5 33. bxa6 bxa6 34. c6 Bc7 35. exf4 Rxe2 36. Rxe2 Qxf4 37. Qd3 Kh7 38. Re6 Qf5 39. Qe2 d4 40. h4 d3 0-1


[Site "https://www.chess.com"]

[Event "Titled Tuesday Blitz April 12 Early 2022"]
[White "Mikhailov, Viacheslav"]
[Black "Migot, Tangi"]
[WhiteFideId "4187369"]
[BlackFideId "662445"]
[WhiteElo "2381"]
[BlackElo "2533"]
[Result "1-0"]
[Round "05"]
[TimeControl "180+1"]
[Date "2022.04.13"]
[WhiteClock "0:00:47"]
[BlackClock "0:00:04"]

1. Nf3 c5 2. g3 b6 3. Bg2 Bb7 4. O-O Nf6 5. c3 e6 6. d4 d6 7. a4 a6 8. Na3 Nbd7 9. Nc4 cxd4 10. cxd4 Rc8 11. b3 Be7 12. Ba3 Ne4 13. Rc1 O-O 14. Nfd2 Ndf6 15. Nxe4 Bxe4 16. Bxe4 Nxe4 17. Qd3 Nf6 18. Ne3 a5 19. d5 Qd7 20. Rfd1 Rxc1 21. Rxc1 Rb8 22. Rc6 Bf8 23. Qb5 exd5 24. Nxd5 Nxd5 25. Qxd5 Qb7 26. e4 b5 27. Bxd6 Rd8 28. axb5 h5 29. h4 Bxd6 30. Rxd6 Qxd5 31. Rxd5 Re8 32. b6 Rb8 33. Rb5 Rxb6 34. Rxb6 1-0


[Site "https://www.chess.com"]

[Event "Titled Tuesday Blitz April 12 Early 2022"]
[White "Mikhalsky, Vladimir"]
[Black "Wesolowska, Hanna"]
[WhiteFideId "14144352"]
[BlackFideId "1104683"]
[WhiteElo "2301"]
[BlackElo "2302"]
[Result "1-0"]
[Round "05"]
[TimeControl "180+1"]
[Date "2022.04.13"]
[WhiteClock "0:00:46"]
[BlackClock "0:00:22"]

1. e4 c5 2. Nf3 d6 3. Bb5+ Bd7 4. Bxd7+ Qxd7 5. c4 g6 6. d4 cxd4 7. Nxd4 Bg7 8. Nc3 Nf6 9. f3 O-O 10. O-O Nc6 11. Be3 Rac8 12. b3 a6 13. Na4 Qd8 14. Rc1 Nxd4 15. Bxd4 b5 16. Nb6 Rc6 17. Nd5 Nxd5 18. Bxg7 Ne3 19. Qd4 Nxf1 20. Bxf8 Qxf8 21. Kxf1 Qc8 22. Ke2 bxc4 23. bxc4 Rc5 24. Rc2 Qc7 25. Kd3 Qa5 26. Qc3 Qc7 27. Rb2 e5 28. Rb4 Qe7 29. Ke2 Qh4 30. h3 Qg3 31. Kf1 Qh2 32. Kf2 Qh1 33. Qe1 Qh2 34. Qc1 Kg7 35. Rb6 h5 36. Rxd6 h4 37. Rd5 Qg3+ 38. Kf1 Rc6 39. c5 Qh2 40. Qe1 Qf4 41. Qc3 f6 42. Rd6 Rc7 43. c6 Kh6 44. Rd7 Rc8 45. c7 Qh2 46. Rd8 Qh1+ 47. Kf2 Rxc7 48. Qxc7 1-0


[Site "https://www.chess.com"]

[Event "Titled Tuesday Blitz April 12 Early 2022"]
[White "Mohammadian, Mohammad"]
[Black "Gallegos Diaz, Carlos Alberto"]
[WhiteFideId "12566055"]
[BlackFideId "3900886"]
[WhiteElo "1544"]
[BlackElo "2362"]
[Result "0-1"]
[Round "05"]
[TimeControl "180+1"]
[Date "2022.04.13"]
[WhiteClock "0:00:13"]
[BlackClock "0:00:48"]

1. e4 d6 2. d4 Nf6 3. Bd3 c6 4. Nf3 e5 5. c3 Nbd7 6. O-O Be7 7. Be3 O-O 8. h3 Re8 9. Nbd2 b5 10. a3 a6 11. b4 Bb7 12. Qc2 Bf8 13. Rfd1 Qc7 14. Nf1 c5 15. d5 c4 16. Be2 h6 17. Ng3 Nb6 18. Nf5 Bc8 19. N3h4 Kh7 20. Qc1 Na4 21. Bg4 h5 22. Be2 g6 23. Ng3 Be7 24. Bg5 Ng8 25. Bxe7 Qxe7 26. Rf1 Qxh4 27. Qe3 Qf4 28. Kh1 Re7 29. Rac1 Qxe3 30. fxe3 h4 31. Nh5 gxh5 32. Bxh5 Nh6 33. Rf2 f5 34. exf5 Nxf5 35. Bf3 Ng3+ 36. Kg1 Bf5 37. e4 Bg6 38. Re1 Rf8 39. Re3 Ref7 40. Kh2 Rf4 41. Kg1 Kh6 42. Rc2 Bxe4 43. Bxe4 Rf1+ 44. Kh2 Rh1# 0-1


[Site "https://www.chess.com"]

[Event "Titled Tuesday Blitz April 12 Early 2022"]
[White "Molina, Roberto Junio Brito"]
[Black "Plotnikov, Pavel"]
[WhiteFideId "2109450"]
[BlackFideId "4170342"]
[WhiteElo "2432"]
[BlackElo "2298"]
[Result "1-0"]
[Round "05"]
[TimeControl "180+1"]
[Date "2022.04.13"]
[WhiteClock "0:00:19"]
[BlackClock "0:00:11"]

1. d4 f6 2. e4 Nc6 3. d5 Ne5 4. f4 Nf7 5. Nf3 e6 6. c4 Bc5 7. Nc3 Ne7 8. Na4 Bb4+ 9. Bd2 Bxd2+ 10. Qxd2 O-O 11. Bd3 d6 12. O-O c6 13. dxe6 Bxe6 14. Nd4 Bd7 15. Nc3 Qb6 16. Qf2 Rae8 17. Rae1 Ng6 18. Na4 Qa5 19. Nc3 Qb6 20. Nb3 Qxf2+ 21. Rxf2 f5 22. g3 fxe4 23. Bxe4 d5 24. cxd5 cxd5 25. Nxd5 Nd6 26. Rfe2 Bc6 27. Bxg6 Rxe2 28. Rxe2 Bxd5 29. Bd3 Rc8 30. Kf2 g6 31. Ke3 Kf7 32. Kd4 Bc6 33. Nc5 Rd8 34. Kc3 a6 35. b4 Rc8 36. Kb2 Bd5 37. Rd2 b6 38. Bxa6 bxc5 39. Rxd5 Ke6 40. Rxd6+ Kxd6 41. Bxc8 cxb4 42. Kb3 Kc5 43. Be6 h6 44. Bg8 g5 45. fxg5 hxg5 46. h4 gxh4 47. gxh4 Kd4 48. Kxb4 Ke5 49. h5 Kf6 50. Bh7 Kg7 51. Bg6 Kh8 52. Kb5 Kg7 53. Kb6 Kh6 54. Kb7 Kg7 55. a4 Kh6 56. a5 Kg7 57. a6 Kh6 58. a7 Kg7 59. Kb8 Kh6 60. a8=Q Kg7 61. Qg2 Kh6 62. Kc7 Kg7 63. Kd6 Kh6 64. Ke5 Kg7 65. Kf5 Kh6 66. Kg4 Kg7 67. Kg5 Kg8 68. h6 Kh8 69. Qb7 Kg8 70. Qh7+ Kf8 71. Bc2 1-0


[Site "https://www.chess.com"]

[Event "Titled Tuesday Blitz April 12 Early 2022"]
[White "Murzin, Volodar"]
[Black "Manukyan, Sargis A."]
[WhiteFideId "44155573"]
[BlackFideId "13303970"]
[WhiteElo "2585"]
[BlackElo "2187"]
[Result "1-0"]
[Round "05"]
[TimeControl "180+1"]
[Date "2022.04.13"]
[WhiteClock "0:01:08"]
[BlackClock "0:00:57"]

1. e4 c5 2. Nf3 d6 3. c3 Nf6 4. h3 g6 5. Bd3 Bg7 6. O-O O-O 7. Bc2 Nc6 8. Qe2 e5 9. Rd1 b6 10. d4 Qc7 11. Na3 a6 12. Nc4 cxd4 13. cxd4 b5 14. Nxd6 Nxd4 15. Nxd4 exd4 16. Bf4 Nh5 17. Bh2 Qb6 18. e5 f5 19. Bb3+ Kh8 20. e6 Bxe6 21. Qxe6 Rf6 22. Nf7+ Kg8 23. Qxb6 Rxb6 24. Ne5+ Kh8 25. Rxd4 f4 26. Re1 Bf6 27. Bxf4 Nxf4 28. Rxf4 Kg7 29. Nd7 Rd6 30. Nxf6 Rxf6 31. Re7+ 1-0


[Site "https://www.chess.com"]

[Event "Titled Tuesday Blitz April 12 Early 2022"]
[White "Namitbir Singh Walia"]
[Black "Hua, Lefong"]
[WhiteFideId "35071068"]
[BlackFideId "2602253"]
[WhiteElo "1565"]
[BlackElo "2593"]
[Result "1-0"]
[Round "05"]
[TimeControl "180+1"]
[Date "2022.04.13"]
[WhiteClock "0:00:01"]
[BlackClock "0:00:01"]

1. d4 Nf6 2. c4 g6 3. g3 Bg7 4. Bg2 O-O 5. Nf3 d6 6. O-O Nc6 7. Nc3 a6 8. e4 Bg4 9. Be3 Nd7 10. h3 Bxf3 11. Bxf3 e5 12. d5 Nd4 13. Bg2 f5 14. f4 fxe4 15. Nxe4 Qe7 16. Bxd4 exd4 17. Qd2 a5 18. Rae1 Qd8 19. Ng5 Nc5 20. Ne6 Nxe6 21. Rxe6 Qd7 22. Rfe1 Rae8 23. Qxa5 b6 24. Qd2 Rxe6 25. Rxe6 Re8 26. Qe2 Rxe6 27. dxe6 Qe7 28. g4 h6 29. Qd3 Kh7 30. f5 gxf5 31. Qxf5+ Kh8 32. Be4 Kg8 33. Bc6 Qf6 34. Bd5 Kf8 35. e7+ Kxe7 36. Qc8 c5 37. Qc7+ Kf8 38. Qb8+ Ke7 39. Qb7+ Kf8 40. Qxb6 d3 41. Qb8+ Ke7 42. Qc7+ Kf8 43. Qc8+ Ke7 44. Qb7+ Kf8 45. Qa8+ Ke7 46. Qa7+ Kf8 47. Qb8+ Ke7 48. Qc7+ Kf8 49. Qc8+ Ke7 50. Bc6 Qd4+ 51. Kg2 Qxb2+ 52. Kf3 Qe2+ 53. Kg3 Be5+ 54. Kh4 Bf6+ 55. Kh5 Qe5+ 56. Qf5 d2 57. Bf3 Qe3 58. Qh7+ Kd8 59. Qf5 Be7 60. Kg6 Kc7 61. Qf7 Kb6 62. Qd5 1-0


[Site "https://www.chess.com"]

[Event "Titled Tuesday Blitz April 12 Early 2022"]
[White "Noboa Silva, Kevin"]
[Black "Kostina, Nadezhda"]
[WhiteFideId "3618471"]
[BlackFideId "4195876"]
[WhiteElo "2172"]
[BlackElo "1982"]
[Result "1-0"]
[Round "05"]
[TimeControl "180+1"]
[Date "2022.04.13"]
[WhiteClock "0:00:19"]
[BlackClock "0:00:32"]

1. e4 c5 2. c3 Nf6 3. e5 Nd5 4. d4 cxd4 5. cxd4 e6 6. Nf3 d6 7. Bc4 Be7 8. O-O Bd7 9. Qe2 Bc6 10. Bxd5 Bxd5 11. Nc3 Bc6 12. d5 exd5 13. exd6 Qxd6 14. Re1 Bd7 15. Bf4 Qe6 16. Nxd5 Na6 17. Qd2 Rd8 18. Nxe7 Kxe7 19. Rxe6+ Bxe6 20. Qa5 Rd5 21. Qa3+ Kd7 22. h3 Rc8 23. Re1 Nc5 24. Qxa7 Nd3 25. Qxb7+ Kd8 26. Bg5+ Rxg5 27. Rxe6 Rc1+ 28. Kh2 Rxg2+ 29. Kxg2 Nf4+ 30. Kh2 fxe6 31. Ne5 Rd1 32. Nc6+ Ke8 33. Qe7# 1-0


[Site "https://www.chess.com"]

[Event "Titled Tuesday Blitz April 12 Early 2022"]
[White "Nugumanov, Bakhtiyar"]
[Black "Przybylski, Wojciech"]
[WhiteFideId "13701797"]
[BlackFideId "1117599"]
[WhiteElo "2262"]
[BlackElo "2133"]
[Result "1-0"]
[Round "05"]
[TimeControl "180+1"]
[Date "2022.04.13"]
[WhiteClock "0:00:11"]
[BlackClock "0:00:06"]

1. Nf3 Nf6 2. c4 c6 3. g3 d5 4. Bg2 Bg4 5. Ne5 Bf5 6. cxd5 cxd5 7. Nc3 e6 8. g4 Bg6 9. h4 h5 10. Nxg6 fxg6 11. Qc2 Kf7 12. g5 Nfd7 13. Nxd5 Nc6 14. Nf4 Nde5 15. Qb3 Nd4 16. Qxb7+ Be7 17. O-O Rb8 18. Qe4 Qd6 19. e3 Nf5 20. d4 Ng4 21. d5 e5 22. Nd3 Rhe8 23. f3 Ng3 24. fxg4+ Kg8 25. Qf3 Nxf1 26. Bxf1 e4 27. Qxe4 Bxg5 28. Qf3 Rf8 29. Qg2 Bxh4 30. Bd2 Rbe8 31. e4 Qc6 32. dxc6 Rd8 33. Ne5 Rde8 34. Nxg6 Rf2 35. Nxh4 Rxg2+ 36. Bxg2 Rxe4 37. Bxe4 g5 38. c7 Kg7 39. c8=Q gxh4 40. Qc7+ Kf6 41. Bc3+ Ke6 42. Qc6+ Kf7 43. Bd5+ Ke7 44. Qe6+ Kd8 45. Bf6+ Kc7 46. Qc6+ Kb8 47. Qb7# 1-0


[Site "https://www.chess.com"]

[Event "Titled Tuesday Blitz April 12 Early 2022"]
[White "Obolenskikh, Dmitry"]
[Black "Dronavalli, Harika"]
[WhiteFideId "4156013"]
[BlackFideId "5015197"]
[WhiteElo "2512"]
[BlackElo "2382"]
[Result "1-0"]
[Round "05"]
[TimeControl "180+1"]
[Date "2022.04.13"]
[WhiteClock "0:00:39"]
[BlackClock "0:00:29"]

1. Nf3 Nf6 2. c4 g6 3. Nc3 Bg7 4. e4 O-O 5. d4 d6 6. Be2 c5 7. O-O cxd4 8. Nxd4 Nc6 9. Be3 Bd7 10. Nc2 Rc8 11. f3 a6 12. Qd2 Ne5 13. Na3 Re8 14. Rac1 h5 15. b3 Qa5 16. Rfd1 Qxa3 17. Nb1 Qxc1 18. Rxc1 h4 19. Nc3 h3 20. g4 b5 21. cxb5 axb5 22. Kf2 b4 23. Nd5 Nexg4+ 24. Kg3 Nxd5 25. fxg4 Nc3 26. Bf3 Bc6 27. Kxh3 Bxe4 28. Bxe4 Nxe4 29. Qxb4 Nf2+ 30. Kg3 Nd3 31. Rxc8 Rxc8 32. Qe4 Be5+ 33. Kg2 Rc2+ 34. Kf1 Rc3 35. Bd2 Rc2 36. Qxd3 Rxa2 37. h4 Rb2 38. h5 Kg7 39. Bc3 Ra2 40. Bxe5+ dxe5 41. Qd5 Ra1+ 42. Ke2 Ra2+ 43. Kd3 Kf6 44. h6 Rh2 45. g5+ Kf5 46. Qxf7+ Kxg5 47. h7 Rh3+ 48. Ke4 Kg4 49. Qe6+ 1-0


[Site "https://www.chess.com"]

[Event "Titled Tuesday Blitz April 12 Early 2022"]
[White "Odegov, Artem"]
[Black "Lianes Garcia, Marcos"]
[WhiteFideId "34183644"]
[BlackFideId "32060777"]
[WhiteElo "2286"]
[BlackElo "2310"]
[Result "0-1"]
[Round "05"]
[TimeControl "180+1"]
[Date "2022.04.13"]
[WhiteClock "0:00:01"]
[BlackClock "0:00:37"]

1. d4 g6 2. c4 Bg7 3. Nc3 c5 4. d5 d6 5. e4 e5 6. Bd3 Ne7 7. g4 O-O 8. g5 f5 9. gxf6 Bxf6 10. Be3 Kh8 11. Nge2 Bg4 12. Qd2 Ng8 13. O-O-O Nd7 14. h4 Bh5 15. Rdg1 a6 16. Ng3 Bf3 17. Rh2 Bxh4 18. Be2 Qe7 19. Bxf3 Rxf3 20. Rgh1 Bxg3 21. fxg3 Rf7 22. Bg5 Ndf6 23. Nd1 Qd7 24. Qg2 Ng4 25. Rh4 Raf8 26. Ne3 Nxe3 27. Bxe3 b5 28. g4 bxc4 29. Qe2 Qa4 30. Qh2 Qd7 31. Qe2 Nf6 32. Bg5 Ng8 33. Qxc4 Qb5 34. Qxb5 axb5 35. a3 Ra8 36. Kb1 Raa7 37. R4h2 Rf3 38. Kc2 Raf7 39. Kd1 Rg3 40. Ke1 Rxg4 0-1


[Site "https://www.chess.com"]

[Event "Titled Tuesday Blitz April 12 Early 2022"]
[White "Oganian, Miran"]
[Black "Grandelius, Nils"]
[WhiteFideId "4122488"]
[BlackFideId "1710400"]
[WhiteElo "2357"]
[BlackElo "2617"]
[Result "1/2-1/2"]
[Round "05"]
[TimeControl "180+1"]
[Date "2022.04.12"]
[WhiteClock "0:00:13"]
[BlackClock "0:00:18"]

1. e4 c5 2. Nf3 d6 3. Bb5+ Nd7 4. d4 cxd4 5. Qxd4 a6 6. Bxd7+ Bxd7 7. c4 Nf6 8. Bg5 e6 9. Nc3 Be7 10. O-O Bc6 11. Qd3 h6 12. Bh4 Qa5 13. Rfe1 Rd8 14. Nd5 Bxd5 15. exd5 e5 16. b4 Qc7 17. c5 O-O 18. Nxe5 dxc5 19. Qf3 Nxd5 20. Bg3 Qc8 21. bxc5 Bxc5 22. Rad1 Nb4 23. Rc1 b6 24. a3 Nd5 25. Rcd1 Qa8 26. Bh4 Rd6 27. Nc4 Rd7 28. Ne5 Rd6 29. Nc4 Rd7 30. Ne5 Rd6 1/2-1/2


[Site "https://www.chess.com"]

[Event "Titled Tuesday Blitz April 12 Early 2022"]
[White "Omariev, Maksim"]
[Black "Srihari L R"]
[WhiteFideId "4193423"]
[BlackFideId "46617116"]
[WhiteElo "2495"]
[BlackElo "2121"]
[Result "0-1"]
[Round "05"]
[TimeControl "180+1"]
[Date "2022.04.13"]
[WhiteClock "0:00:01"]
[BlackClock "0:01:01"]

1. g4 d6 2. Bg2 c6 3. h3 e5 4. d4 Nf6 5. dxe5 dxe5 6. Qxd8+ Kxd8 7. Nf3 Bd6 8. Nc3 Ke7 9. Bg5 Nd7 10. O-O-O h6 11. Ne4 Bc7 12. Bh4 g5 13. Nxf6 Nxf6 14. Bg3 Ne4 15. Rhf1 Nxg3 16. fxg3 f6 17. Nd2 h5 18. gxh5 Rxh5 19. g4 Rh6 20. Ne4 Be6 21. Rd3 Bd5 22. Rfd1 Rd8 23. Ng3 Be6 24. Rxd8 Bxd8 25. Rf1 Rh8 26. b3 Bb6 27. c4 Be3+ 28. Kc2 Bf4 29. Ne4 Rf8 30. Nc5 Bc8 31. Rf3 f5 32. e3 fxg4 33. hxg4 Bxg4 0-1


[Site "https://www.chess.com"]

[Event "Titled Tuesday Blitz April 12 Early 2022"]
[White "Omelja, Artem"]
[Black "Raahul V S"]
[WhiteFideId "14119846"]
[BlackFideId "25035525"]
[WhiteElo "2382"]
[BlackElo "2185"]
[Result "0-1"]
[Round "05"]
[TimeControl "180+1"]
[Date "2022.04.13"]
[WhiteClock "0:00:05"]
[BlackClock "0:00:08"]

1. d4 d5 2. c4 c6 3. Nc3 Nf6 4. Nf3 e6 5. e3 Nbd7 6. Qc2 b6 7. Bd3 Bb7 8. O-O Bd6 9. e4 dxc4 10. Bxc4 e5 11. dxe5 Nxe5 12. Nxe5 Bxe5 13. h3 O-O 14. Be3 c5 15. Rad1 Qe7 16. f4 Bxc3 17. bxc3 Nxe4 18. Rfe1 Rfe8 19. Bd5 Bxd5 20. Rxd5 Nf6 21. Bf2 Qc7 22. Rde5 h6 23. Bh4 Rxe5 24. fxe5 Nd5 25. e6 fxe6 26. Rxe6 Rf8 27. Qe4 Nxc3 28. Qc4 Qf7 29. Qg4 Nd5 30. Rd6 Ne3 31. Qe4 Nf5 32. Rd1 Re8 33. Qa4 b5 34. Qf4 g5 35. Bxg5 hxg5 36. Qxg5+ Ng7 37. Qxc5 a6 38. a3 Qb3 39. Rf1 Qe3+ 40. Qxe3 Rxe3 41. Rf6 Rxa3 42. g4 b4 43. Kg2 b3 44. Rb6 a5 45. h4 a4 46. h5 Ra2+ 47. Kg3 Nxh5+ 48. gxh5 Rc2 49. Kg4 b2 50. Kg5 a3 51. Rb8+ Kf7 52. Rb7+ Ke6 53. h6 Rg2+ 54. Kf4 Rh2 55. h7 Rxh7 56. Rb6+ Kd5 57. Rb5+ Kc4 58. Rb8 Kc3 59. Ke3 Kc2 60. Rc8+ Kb1 61. Kd2 Ka1 62. Ra8 Rd7+ 63. Kc2 b1=Q+ 64. Kc3 Rd3+ 65. Kc4 Qb3+ 66. Kc5 Rd5+ 67. Kc6 Qb5+ 68. Kc7 Rd7+ 69. Kc8 Qb7# 0-1


[Site "https://www.chess.com"]